 Dungeon Crawl Stone Soup version 0.28.0 (webtiles) character file.

Game seed: 9493628682136754280

125890 inmateoo the Impaler (level 16, -2/116 HPs)
             Began as a Demonspawn Fighter on Feb 18, 2022.
             Was the Champion of Hepliaklqana.
             Killed from afar by Aizul (23 damage)
             ... with a bolt of poison
             ... on level 3 of the Snake Pit.
             The game lasted 00:25:26 (25805 turns).

inmateoo the Impaler (Demonspawn Fighter)          Turns: 25805, Time: 00:25:27

Health: -2/116     AC: 19    Str: 24    XL:     16   Next: 42%
Magic:  23/23      EV:  2    Int: 10    God:    Hepliaklqana [******]
Gold:   818        SH:  0    Dex: 13    Spells: 15/15 levels left

rFire   + + .      SeeInvis .   b - +10 trident "Caepnof" {pain, rC+}
rCold   + . .      Faith    .   Q - +0 kite shield {reflect}
rNeg    . . .      Spirit   .   N - +4 scale mail {rF+}
rPois   .          Reflect  +   (helmet restricted)
rElec   .          Harm     .   O - +0 cloak
rCorr   .          Rampage  .   f - +0 pair of gloves
Will    +....                   i - +1 pair of boots
Stlth   +.........              J - amulet of regeneration
HPRegen 1.09/turn               G - ring of protection from fire
MPRegen 0.18/turn               D - +4 ring of slaying

@: lethally poisoned (-2 -> -58), sleeping
A: reduced essence, antennae 2, ignite blood 3, spiny 2, black mark, sturdy
frame 2, bedeviling
a: Renounce Religion, Recall Ancestor, Ancestor Identity, Transference, Idealise


You were on level 3 of the Snake Pit.
You worshipped Hepliaklqana.
Hepliaklqana was exalted by your worship.
You visited 5 branches of the dungeon, and saw 27 of its levels.
You also visited: Ossuary and Bailey.

You collected 2515 gold pieces.
You spent 1697 gold pieces at shops.

Inventory:

Hand Weapons
 b - the +10 trident "Caepnof" (weapon) {pain, rC+}
   (You bought it in a shop on level 1 of the Dungeon)

   In the hands of one skilled in necromantic magic, it inflicts extra damage on
   living creatures.
   rC:        It protects you from cold.
 l - a +6 demon trident of flaming
Armour
 f - a +0 pair of gloves (worn)
 i - a +1 pair of boots (worn)
 N - a +4 scale mail of fire resistance (worn)
 O - a +0 cloak (worn)
 Q - a +0 kite shield of reflection (worn)
Jewellery
 o - a ring of see invisible
 D - a +4 ring of slaying (right hand)
 G - a ring of protection from fire (left hand)
 J - an amulet of regeneration (around neck)
Wands
 n - a wand of paralysis (3)
 q - a wand of mindburst (6)
 r - a wand of flame (45)
 u - a wand of polymorph (9)
 B - a wand of iceblast (11)
 K - a wand of charming (4)
Scrolls
 g - 5 scrolls of vulnerability
 h - 7 scrolls of teleportation
 m - 3 scrolls of enchant weapon
 p - a scroll of enchant armour
 s - 6 scrolls of fear
 t - 5 scrolls of blinking
 C - 3 scrolls of magic mapping
 F - 4 scrolls of amnesia
 H - 8 scrolls of identify
 I - 4 scrolls of fog
 L - a scroll of silence
Potions
 a - 5 potions of ambrosia
 c - a potion of cancellation
 d - 4 potions of might
 e - 2 potions of berserk rage
 j - 10 potions of heal wounds
 k - 7 potions of flight
 v - 4 potions of brilliance
 w - 4 potions of lignification
 x - 11 potions of curing
 z - 9 potions of mutation
 A - 3 potions of resistance
 E - 3 potions of haste
Miscellaneous
 M - a condenser vane
 P - a phantom mirror


   Skills:
 * Level 12.8 Fighting
 - Level 2.1(10.4) Axes
 * Level 15.7(15.8) Polearms
 + Level 14.3 Armour
 + Level 8.8 Dodging
 + Level 11.6 Shields
 - Level 7.0 Necromancy
 - Level 10.0 Invocations


You had 15 spell levels left.
You didn't know any spells.
Your spell library contained the following spells:

 Spells                   Type           Power      Damage    Failure   Level
 Animate Dead             Necr           7%         N/A       50%         4
 Beastly Appendage        Tmut           0%         N/A       69%         1
 Magic Dart               Conj           0%         1d3       69%         1
 Sandblast                Erth           0%         2d4       69%         1
 Call Imp                 Summ           0%         N/A       83%         2
 Passwall                 Tmut/Erth      0%         N/A       83%         2
 Searing Ray              Conj           0%         2d4       83%         2
 Wereblood                Tmut           0%         N/A       83%         2
 Confusing Touch          Hex            0%         N/A       96%         3
 Dazzling Flash           Conj/Hex       0%         N/A       96%         3
 Gell's Gravitas          Tloc           0%         N/A       96%         3
 Lesser Beckoning         Tloc           0%         N/A       96%         3
 Mephitic Cloud           Conj/Pois/Air  0%         N/A       96%         3
 Spider Form              Tmut/Pois      0%         N/A       96%         3
 Stone Arrow              Conj/Erth      0%         3d7       96%         3
 Teleport Other           Tloc           0%         N/A       96%         3
 Fulminant Prism          Conj/Hex       0%         3d6       100%        4
 Hailstorm                Conj/Ice       0%         3d3       100%        4
 Ice Form                 Ice/Tmut       0%         N/A       100%        4
 Iskenderun's Mystic Bla  Conj/Tloc      0%         2d3       100%        4
 Borgnjor's Vile Clutch   Necr/Erth      3%         N/A       100%        5
 Summon Forest            Summ/Tloc      0%         N/A       100%        5
 Yara's Violent Unravell  Hex/Tmut       0%         3d3       100%        5
 Death Channel            Necr           7%         N/A       100%        6
 Eringya's Noxious Bog    Tmut/Pois      0%         N/A       100%        6
 Simulacrum               Ice/Necr       3%         N/A       100%        6
 Starburst                Conj/Fire      0%         6d3       100%        6
 Enfeeble                 Hex            0%         N/A       100%        7
 Summon Hydra             Summ           0%         N/A       100%        7


Dungeon Overview and Level Annotations

Branches:
Dungeon (15/15)            Temple (1/1) D:4            Lair (6/6) D:8
  Swamp (0/4) Lair:3        Snake (3/4) Lair:4        Slime (0/5) Lair:5
    Orc (2/2) D:11            Elf (0/3) Orc:2        Vaults (0/5) D:14
 Depths (0/4) D:15        Ossuary (visited)          Bailey (visited)

Altars:
Ashenzari
Cheibriados
Dithmenos
Elyvilon
Fedhas
Gozag
Hepliaklqana
Kikubaaqudgha
Makhleb
Nemelex Xobeh
Okawaru
Qazlal
Ru
Sif Muna
Trog
Uskayaw
Vehumet
Wu Jian
Xom
Yredelemnul
Zin
The Shining One
Beogh
Jiyva
Lugonu

Shops:
D:1 (   D:5 !   Orc:2 :*!(*   Snake:2 [

Portals:
Abyss: Lair:6

Annotations:
Snake:3 Aizul


Innate Abilities, Weirdness & Mutations

Your life essence is reduced to manifest your ancestor. (-10% HP)
You have a pair of antennae on your head.
Your demonic aura causes all spilled blood to erupt in flames.
You are mostly covered in sharp spines.
Your melee attacks may debilitate your foes.
Your movements are less encumbered by armour. (ER -4)
Your hexes are more powerful.


Message History

Aizul the Neglectful Guardian comes into view.
Found a weird jewelled staff.
Aizul coils herself and waves her upper body at you.
The bolt of poison hits you!
You are poisoned.
The bolt of poison hits Ealdgyð.
Ealdgyð completely resists.
Aizul coils herself and waves her upper body at you.
The poison arrow hits you!!
You are more poisoned.
Aizul is nearby!
You feel extremely sick.
Aizul coils herself and waves her upper body at you.
The bolt of poison hits you!!
You are more poisoned.
The bolt of poison hits Ealdgyð.
Ealdgyð completely resists.
Ealdgyð casts a spell at Aizul.
The stone arrow hits Aizul!!
You are too injured to fight recklessly!
Aizul is nearby!
You are too injured to fight recklessly!
You are too injured to fight recklessly!
You are too injured to fight recklessly!
You feel extremely sick.
Aizul is engulfed in blazing flames.
Aizul coils herself and waves her upper body at you.
You fall asleep.
* * * LOW HITPOINT WARNING * * *
You feel extremely sick.
* * * LOW HITPOINT WARNING * * *
You feel extremely sick.
Aizul coils herself and waves her upper body at you.
The bolt of poison hits you but does no damage.
You are lethally poisoned!
Ealdgyð hits Aizul with a +0 quarterstaff.
Aizul coils herself and waves her upper body at you.
The bolt of poison hits you!!
You are more poisoned.
You die...

...## { ....|.# ..... ....
##### ## .§. #####..#.
#.###§# #....#... #.....#
#######...#)## #.
##....S###.....#...#...
....#....R@<.......#..)...#
........°°...#.....#.######
....###......#.......#.....
... ##.#####....[###.....
#.....#.......##....
##....#........##.##
#....#......#.#..#. .
##......)...#....#. #..
#...#.....##.#..##


You could see the friendly Ealdgyð the battlemage and Aizul (ally target).

Vanquished Creatures
  Jorgrun (D:15)
  Josephine (D:13)
  4 vault guards (D:14)
  15 hydras
  2 naga warriors
  A boulder beetle (D:11)
  Erica (Orc:1)
  5 centaur warriors
  5 two-headed ogres
  7 death yaks (Lair:6)
  3 anacondas
  A catoblepas (D:14)
  A tengu warrior (D:14)
  Urug (D:11)
  4 shock serpents
  2 thrashing horrors (Lair:6)
  7 naga sharpshooters
  Sonja (D:13)
  2 large abominations (Lair:6)
  A naga ritualist (Snake:3)
  A lindwurm (Lair:4)
  8 orc sorcerers
  A deep elf pyromancer (D:13)
  4 mana vipers
  5 salamanders
  6 manticores
  7 slime creatures
  4 cyclopes
  9 ugly things
  10 elephants
  2 oklob plants
  15 black mambas
  5 cane toads
  4 naga magi
  A gargoyle (D:12)
  2 smoke demons (Lair:6)
  3 rime drakes
  8 komodo dragons
  A kobold demonologist (D:12)
  3 meliai (D:15)
  The ghost of adperon the Skirmisher, an amateur DsFi (D:7)
  A hornet (D:11)
  2 trolls (D:11)
  14 blink frogs
  15 dream sheep
  A spriggan (shapeshifter) (Lair:6)
  4 centaur simulacra
  12 spriggans
  A vampire (D:12)
  A ynoxinul (Lair:6)
  45 yaks
  A wyvern (Lair:6)
  6 wraiths
  5 basilisks
  8 vampire mosquitoes
  A chaos spawn (Lair:6)
  Menkaure (D:5)
  4 wargs (Orc:2)
  12 nagas
  3 acid dragons
  15 water moccasins
  8 orc warriors
  An ice beast (D:6)
  A sky beast (D:4)
  4 black bears
  8 small abominations (Lair:6)
  2 necrophages
  6 ogres
  16 wolves
  9 centaurs
  A phantom (D:5)
  11 bullfrogs
  A gnoll sergeant (D:6)
  A water moccasin zombie (D:4)
  10 scorpions
  21 killer bees
  2 wights (D:10)
  4 howler monkeys
  An electric eel (Lair:3)
  A bullfrog zombie (D:6)
  A hound (D:5)
  A human zombie (Ossuary)
  2 jellies
  8 centaur zombies
  5 orc priests
  2 centaur skeletons
  4 iguanas (D:6)
  Jessica (D:3)
  31 orc wizards
  5 scorpion zombies
  11 hell rats
  2 mummies (Ossuary)
  3 howler monkey zombies
  7 gnolls
  2 adders
  A howler monkey simulacrum (D:7)
  An ufetubus (D:4)
  An adder skeleton (D:5)
  2 worms (D:4)
  2 dart slugs
  35 orcs
  3 ball pythons (D:2)
  7 endoplasms
  6 giant cockroaches
  8 goblins
  4 hobgoblins
  4 kobolds
  6 quokkas
  4 bats
  A frilled lizard (D:1)
  2 gnoll zombies (Ossuary)
  3 goblin zombies (Ossuary)
  A hobgoblin zombie (Ossuary)
  3 kobold zombies (Ossuary)
  2 orc zombies (Ossuary)
  4 rats
610 creatures vanquished.

Vanquished Creatures (collateral kills)
  Rupert (D:12)
  The ghost of Anon1729 the Martial Artist, a journeyman OpTm of Fedhas (Lair:6)
  Erolcha (Orc:1)
  3 death yaks (Lair:6)
  A centaur warrior (D:15)
  A two-headed ogre (Bailey)
  3 naga sharpshooters
  A sea snake (shapeshifter) (D:15)
  2 ugly things
  5 mana vipers
  A cyclops (D:15)
  3 orc sorcerers (Orc:2)
  A black mamba (Lair:6)
  A guardian serpent (Snake:3)
  A naga mage (Snake:3)
  A smoke demon (Lair:6)
  2 cane toads
  A rime drake (Lair:6)
  An ancient zyme (Lair:6)
  A troll (shapeshifter) (D:14)
  A polar bear (Lair:2)
  A hornet (D:8)
  2 queen bees
  A blink frog (Lair:6)
  8 slime creatures (D:13)
  3 dream sheep
  A ynoxinul (Lair:6)
  2 spriggans
  3 wraiths
  A basilisk (Lair:1)
  9 yaks
  A chaos spawn (Lair:6)
  A vampire mosquito (D:13)
  3 nagas
  A swamp worm (Lair:3)
  4 water moccasins
  An acid dragon (D:12)
  A small abomination (Lair:6)
  An orc warrior (Orc:1)
  A black bear (Lair:3)
  3 ogres (Bailey)
  4 wolves
  2 centaurs
  2 bullfrogs
  5 scorpions
  A wyvern zombie (D:8)
  10 killer bees
  A wight (D:10)
  A howler monkey (D:7)
  2 orc priests
  3 orc wizards
  A scorpion zombie (Ossuary)
  A hell rat (Lair:3)
  A killer bee zombie (D:8)
  A mummy (Ossuary)
  A gnoll (D:6)
  A howler monkey skeleton (D:7)
  6 orcs
  A kobold zombie (Ossuary)
125 creatures vanquished.

Vanquished Creatures (others)
  A gargoyle (D:11)
  An unseen horror (D:12)
  24 battlemagi
  3 orc wizards
  4 orcs
  32 fungi
  47 plants
112 creatures vanquished.

Grand Total: 847 creatures vanquished

Notes
Turn   | Place    | Note
-------+----------+-------------------------------------------
     0 | D:1      | inmateoo the Demonspawn Fighter began the quest for the
                  | Orb.
     0 | D:1      | Reached XP level 1. HP: 18/18 MP: 1/1
   214 | D:1      | Gained mutation: You have a pair of small antennae on your
                  | head. [demonic ancestry]
   214 | D:1      | Reached XP level 2. HP: 22/24 MP: 2/2
   227 | D:1      | Found Meydoad's Antique Weapon Emporium.
  1053 | D:2      | Found a faded altar of an unknown god.
  1250 | D:2      | Reached XP level 3. HP: 29/29 MP: 3/3
  1317 | D:2      | Reached skill level 1 in Polearms
  1688 | D:3      | Found a shadowy altar of Dithmenos.
  1867 | D:3      | Gained mutation: You are partially covered in sharp spines.
                  | [demonic ancestry]
  1867 | D:3      | Reached XP level 4. HP: 18/35 MP: 4/4
  2043 | D:3      | Noticed Jessica
  2048 | D:3      | Killed Jessica
  2049 | D:3      | Reached skill level 2 in Polearms
  2479 | D:4      | Reached XP level 5. HP: 26/42 MP: 5/5
  2588 | D:4      | Found a staircase to the Ecumenical Temple.
  2588 | D:4      | Noticed an ogre
  3020 | D:4      | Found a blossoming altar of Fedhas.
  3023 | D:4      | Found an ornate altar of the Wu Jian Council.
  3370 | D:4      | Killed an ogre
  3371 | D:4      | Reached skill level 3 in Polearms
  3371 | D:4      | Gained mutation: You are mostly covered in sharp spines.
                  | [demonic ancestry]
  3371 | D:4      | Reached XP level 6. HP: 20/48 MP: 6/6
  3618 | Temple   | Entered the Ecumenical Temple
  3681 | Temple   | Became a worshipper of Hepliaklqana the Forgotten
  3831 | D:1      | Bought an ichor-stained trident for 170 gold pieces
  3831 | D:1      | Identified the +10 trident "Caepnof" {pain, rC+} (You
                  | bought it in a shop on level 1 of the Dungeon)
  3907 | D:5      | Entered Level 5 of the Dungeon
  3915 | D:5      | Noticed Menkaure
  3922 | D:5      | Killed Menkaure
  3929 | D:5      | Reached skill level 4 in Polearms
  3929 | D:5      | Gained mutation: Your demonic aura sometimes causes spilled
                  | blood to erupt in flames. [demonic ancestry]
  3929 | D:5      | Reached XP level 7. HP: 28/55 MP: 7/7
  4255 | D:5      | Reached skill level 1 in Necromancy
  4259 | D:5      | Reached skill level 5 in Fighting
  4261 | D:5      | Gained mutation: You have a pair of antennae on your head.
                  | [demonic ancestry]
  4261 | D:5      | Reached XP level 8. HP: 38/62 MP: 8/8
  4268 | D:5      | Reached skill level 5 in Polearms
  4452 | D:5      | Found a burning altar of Makhleb.
  4471 | D:5      | Found Vaerupn's Distillery.
  4496 | D:5      | Found an ancient bone altar of Kikubaaqudgha.
  4497 | D:5      | Found an iron altar of Okawaru.
  4498 | D:5      | Found a shimmering blue altar of Sif Muna.
  4602 | D:5      | Reached * piety under Hepliaklqana
  4822 | D:6      | Reached skill level 5 in Shields
  4844 | D:6      | Noticed a two-headed ogre
  4850 | D:6      | Killed a two-headed ogre
  4851 | D:6      | Reached skill level 6 in Polearms
  4851 | D:6      | Reached skill level 5 in Armour
  4851 | D:6      | Gained mutation: Your demonic aura often causes spilled
                  | blood to erupt in flames. [demonic ancestry]
  4851 | D:6      | Reached XP level 9. HP: 50/62 MP: 9/9
  5152 | D:6      | Found a sand-covered staircase.
  5159 | Ossuary  | Entered an ossuary
  5197 | Ossuary  | Reached skill level 7 in Polearms
  5773 | D:7      | Reached skill level 5 in Necromancy
  5800 | D:7      | Reached ** piety under Hepliaklqana
  5802 | D:7      | Remembered your ancestor Ealdgyð as a battlemage
  5827 | D:7      | Reached XP level 10. HP: 40/69 MP: 10/10
  5994 | D:7      | Found a flagged portal.
  6003 | Bailey   | Entered a bailey
  6122 | Bailey   | Reached skill level 8 in Polearms
  6339 | Bailey   | Noticed a two-headed ogre
  6346 | Bailey   | Killed a two-headed ogre
  6350 | Bailey   | Reached skill level 9 in Polearms
  6603 | D:7      | Found a runed translucent gate.
  6603 | D:7      | Found a runed translucent gate.
  6603 | D:7      | Found a runed translucent gate.
  6603 | D:7      | Noticed adperon's ghost (amateur DsFi)
  6729 | D:7      | Found a hide-covered altar of Uskayaw.
  6951 | D:7      | Identified a scroll of acquirement
  6951 | D:7      | Acquired a +6 demon trident of flaming
  7192 | D:8      | Gained mutation: Your demonic aura causes all spilled blood
                  | to erupt in flames. [demonic ancestry]
  7192 | D:8      | Reached XP level 11. HP: 59/77 MP: 11/11
  7273 | D:8      | Found a staircase to the Lair.
  7341 | D:8      | Paralysed by a hornet for 2 turns
  7884 | D:9      | Reached *** piety under Hepliaklqana
  8518 | D:10     | Entered Level 10 of the Dungeon
  8647 | D:10     | Reached skill level 10 in Polearms
  8917 | D:10     | Acquired a manual of Armour
  9027 | D:11     | Reached **** piety under Hepliaklqana
  9085 | D:11     | Reached skill level 1 in Invocations
  9089 | D:11     | Reached skill level 1 in Dodging
  9160 | D:11     | Found a staircase to the Orcish Mines.
  9160 | D:11     | Noticed a boulder beetle
  9168 | D:11     | Killed a boulder beetle
  9458 | D:11     | Noticed Urug
  9562 | D:11     | Killed Urug
 10067 | D:12     | Noticed a five-headed hydra
 10070 | D:12     | Noticed a five-headed hydra
 10073 | D:12     | Killed a five-headed hydra
 10077 | D:12     | Killed a five-headed hydra
 10218 | D:12     | Gained mutation: Your movements are slightly less
                  | encumbered by armour. (ER -2) [demonic ancestry]
 10218 | D:12     | Reached XP level 12. HP: 40/84 MP: 14/14
 10436 | D:12     | Noticed a seven-headed hydra
 10441 | D:12     | Killed a seven-headed hydra
 10521 | D:12     | Noticed a two-headed ogre
 10523 | D:12     | Noticed a two-headed ogre
 10533 | D:12     | Killed a two-headed ogre
 10534 | D:12     | Reached skill level 11 in Polearms
 11191 | D:12     | Noticed Rupert
 11202 | D:12     | Paralysed by Rupert for 3 turns
 11206 | D:12     | Killed Rupert
 11631 | D:12     | Killed a two-headed ogre
 11632 | D:12     | Reached skill level 5 in Invocations
 11689 | D:12     | Noticed a two-headed ogre
 11692 | D:12     | Killed a two-headed ogre
 12632 | D:13     | Noticed Josephine
 12632 | D:13     | Noticed Sonja
 12644 | D:13     | Killed Josephine
 12646 | D:13     | Noticed a seven-headed hydra
 12658 | D:13     | Killed a seven-headed hydra
 12667 | D:13     | Killed Sonja
 12709 | D:13     | Noticed a centaur warrior
 12713 | D:13     | Gained mutation: Your hexes are more powerful. [demonic
                  | ancestry]
 12713 | D:13     | Reached XP level 13. HP: 71/91 MP: 17/17
 12984 | D:13     | Reached skill level 10 in Armour
 13155 | D:13     | Reached skill level 12 in Polearms
 13410 | D:14     | Reached ***** piety under Hepliaklqana
 13870 | D:14     | Reached skill level 10 in Fighting
 13980 | D:14     | Found a gate to the Vaults.
 14055 | D:14     | Reached skill level 5 in Dodging
 15233 | D:15     | Entered Level 15 of the Dungeon
 15281 | D:15     | Found a staircase to the Depths.
 15491 | D:15     | Noticed Jorgrun
 15504 | D:15     | Killed Jorgrun
 15756 | D:15     | Found a radiant altar of Vehumet.
 15941 | D:15     | Gained mutation: Your movements are less encumbered by
                  | armour. (ER -4) [demonic ancestry]
 15941 | D:15     | Reached XP level 14. HP: 99/99 MP: 20/20
 16392 | D:15     | Reached skill level 13 in Polearms
 16822 | Lair:1   | Entered Level 1 of the Lair of Beasts
 17833 | Lair:3   | Found a staircase to the Swamp.
 18006 | Lair:3   | Reached skill level 10 in Shields
 18447 | Lair:3   | Reached ****** piety under Hepliaklqana
 18648 | Lair:4   | Found a staircase to the Snake Pit.
 19739 | Lair:5   | Found the +1 robe of Vines {NoPotionHeal Regen++++}
 19789 | Lair:5   | Reached skill level 14 in Polearms
 20124 | Lair:5   | Found a viscous altar of Jiyva.
 20124 | Lair:5   | Found a staircase to the Slime Pits.
 20335 | Lair:6   | Entered Level 6 of the Lair of Beasts
 20425 | Lair:6   | Gained mutation: Your melee attacks may debilitate your
                  | foes. [demonic ancestry]
 20425 | Lair:6   | Reached XP level 15. HP: 81/107 MP: 22/22
 20487 | Lair:6   | Found a runed translucent gate.
 20487 | Lair:6   | Found a runed translucent gate.
 20487 | Lair:6   | Noticed Anon1729's ghost (journeyman OpTm)
 20488 | Lair:6   | Found a runed translucent gate.
 20535 | Lair:6   | Reached skill level 10 in Invocations
 21230 | Lair:6   | Found a corrupted altar of Lugonu.
 21230 | Lair:6   | Found a one-way gate to the infinite horrors of the Abyss.
 21553 | Lair:6   | Killed Anon1729's ghost
 21751 | D:7      | Killed adperon's ghost
 21867 | Orc:1    | Entered Level 1 of the Orcish Mines
 21877 | Orc:1    | Noticed Erolcha
 21884 | Orc:1    | Killed Erolcha
 22203 | Orc:1    | Noticed Erica
 22208 | Orc:1    | Killed Erica
 22250 | Orc:2    | Entered Level 2 of the Orcish Mines
 22445 | Orc:2    | Noticed Nessos
 22454 | Orc:2    | Noticed Nessos
 22454 | Orc:2    | Nessos changed into Nessos the queen bee
 22459 | Orc:2    | Killed Nessos the queen bee
 22495 | Orc:2    | Reached skill level 15 in Polearms
 22642 | Orc:2    | Found Sidob's General Store.
 22642 | Orc:2    | Found Kozelesy's Distillery.
 22663 | Orc:2    | Bought a potion of curing for 45 gold pieces
 22663 | Orc:2    | Bought 2 potions of curing for 90 gold pieces
 22663 | Orc:2    | Bought a potion of resistance for 150 gold pieces
 22736 | Orc:2    | Found Ukhopin's Book Emporium.
 22822 | Orc:2    | Found a staircase to the Elven Halls.
 22954 | Orc:2    | Found Cix Lif's Weapon Shop.
 22971 | Orc:2    | Found Pilony's General Store.
 22988 | Orc:2    | Bought a potion of resistance for 120 gold pieces
 22988 | Orc:2    | Bought a +4 scale mail of fire resistance for 372 gold
                  | pieces
 22988 | Orc:2    | Bought a potion of curing for 36 gold pieces
 22988 | Orc:2    | Bought a potion of haste for 120 gold pieces
 23031 | Orc:2    | Bought a ring of protection from fire for 450 gold pieces
 23031 | Orc:2    | Bought a scroll of fog for 36 gold pieces
 23206 | Snake:1  | Entered Level 1 of the Snake Pit
 23970 | Snake:1  | Reached XP level 16. HP: 114/114 MP: 23/23
 24784 | Snake:2  | Found Gihot's Antique Armour Boutique.
 24795 | Snake:2  | Bought a cloak for 108 gold pieces
 24840 | Snake:2  | Found a hazy altar of Hepliaklqana.
 25800 | Snake:3  | Noticed Aizul
 25805 | Snake:3  | Killed from afar by Aizul

Illustrated notes

Levels and vault maps discovered:
D:1:      lemuel_arrival_hallway, layout_basic, serial_co_window_serial,
          co_window_corner_a, co_window_of_opportunity_a, co_window_paths_a,
          co_window_corner_a, co_window_paths_b, co_window_paths_b,
          co_window_cross_1, co_window_unsneaky_path_d, co_window_broadway_c,
          co_window_unsneaky_path_e, co_window_2corner,
          co_window_of_opportunity_c, glass_columns_a, glass_columns_a,
          serial_shops, nicolae_shop_trees
D:2:      layout_basic, dreamdust_ecumenical_altar_angels_and_demons,
          minmay_curled_crystal, nicolae_elevator_lobby_plus
D:3:      layout_loops_ring, mainiacjoe_overflow_paths, uniq_jessica
D:4:      layout_basic, nicolae_overflow_hidden_temple,
          minmay_temple_entry_junction_2
D:5:      layout_cave_pools, chequers_temple_overflow_statue_of_worship,
          general_overflow_altar, serial_shops, nicolae_square_shop,
          uniq_menkaure
D:6:      layout_loops_ring, nicolae_ossuary_entry_monument,
          minmay_misc_feat_room
D:7:      layout_basic, mainiacjoe_overflow_catwalk, gammafunk_ghost_necromancy,
          enter_bailey_2, st_stairs_4
D:8:      layout_cave_pods, grunt_lair_entry_orc_guard_hut
D:9:      layout_irregular_city, kennysheep_doodads
D:10:     layout_cave_pools
D:11:     layout_roguey, orc_0_dummy, serial_rivers,
          chequers_serial_rivers_room_a, chequers_serial_rivers_micro_d,
          chequers_serial_rivers_micro_d, chequers_serial_rivers_small_a,
          lemuel_flamethrower_hall, uniq_urug
D:12:     layout_basic, kennysheep_kite_vault, uniq_rupert
D:13:     layout_irregular_city, uniq_josephine, uniq_sonja
D:14:     layout_basic, lightli_vaults_fourway_checkpoint,
          minmay_misc_feat_cross, serial_co_window_serial, co_window_corner_a,
          co_window_of_opportunity_a, co_window_of_opportunity_a,
          co_window_cross_1, co_window_paths_b, co_window_cross_2,
          co_window_of_opportunity_b, co_window_broadway_a,
          co_window_broadway_b, co_window_2corner, co_window_of_opportunity_b,
          co_window_paths_d
D:15:     hangedman_depths_entry_try_elsewhere_first, layout_grid_maze,
          special_room [special_room_bee], nicolae_vehumet_radiance,
          uniq_jorgrun
Temple:   eino_temple_lava
Lair:1:   layout_misc_corridors, grunt_megastairs_1
Lair:2:   layout_big_grid, wad_woods_01
Lair:3:   layout_gridlike, minmay_swamp_entry_worms, minivault_26, minivault_24,
          nicolae_lair_grazing_beasts [nicolae_sub_lair_graze_edge,
          nicolae_sub_lair_graze_edge, nicolae_sub_lair_graze_edge,
          nicolae_sub_lair_graze_edge], grunt_megastairs_4
Lair:4:   layout_roguey, minmay_snake_entry_guardpost_small
Lair:5:   layout_loops_ring, dpeg_slime_entry_enclosed_altar,
          hellmonk_guarded_unrand_vines
Lair:6:   hellmonk_lair_end_abyssal_woods, layout_regular_city,
          gammafunk_ghost_hydra_chop, chequers_serial_rivers_room_b,
          infiniplex_staircase_pool_2
Snake:1:  layout_chambers
Snake:2:  layout_layer_cave, nicolae_stop_n_shop_2, lemuel_oklob_altar
Snake:3:  layout_honeycomb, uniq_aizul
Orc:1:    layout_diamond_mine, basic_altar, uniq_erolcha, uniq_erica
Orc:2:    st_orc_town, layout_caves, serial_shops,
          nicolae_shop_advertising_works [nicolae_subvault_shop_adworks],
          uniq_nessos

Skill      XL: |  1  2  3  4  5  6  7  8  9 10 11 12 13 14 15 16 |
---------------+-------------------------------------------------+-----
Axes           | 2 |  2.1
Polearms       | 1 2 3 4 6 7 9 10 11 12 14 15 | 15.7
Shields        | 3 4 5 6 7 8 9 10 11 | 11.6
Armour         | 3 4 5 6 7 8 9 11 12 13 14 | 14.3
Fighting       | 4 5 6 8 9 10 11 12 | 12.8
Necromancy     | 1 3 5 7 |  7.0
Invocations    | 3 5 8 9 10 | 10.0
Dodging        | 2 4 5 7 8 |  8.8

Action                   |  1- 3 |  4- 6 |  7- 9 | 10-12 | 13-15 | 16-18 || total
-------------------------+-------+-------+-------+-------+-------+-------++-------
Melee: War axe           |    70 |    75 |       |       |       |       ||   145
       Trident           |       |    10 |   174 |   309 |   782 |   128 ||  1403
Invok: Ancestor Life: Ba |       |       |     1 |       |       |       ||     1
       Recall Ancestor   |       |       |       |     1 |       |       ||     1
       Idealise          |       |       |       |     1 |     3 |       ||     4
Evoke: Wand              |       |     4 |       |     1 |     3 |       ||     8
  Use: Scroll            |       |    10 |     5 |    13 |     4 |       ||    32
       Potion            |       |       |       |     2 |     1 |       ||     3
 Stab: Paralysed         |       |     5 |       |       |       |       ||     5
       Distracted        |       |       |     1 |     5 |     6 |     2 ||    14
Armor: Scale mail        |    31 |     5 |       |       |     5 |    26 ||    67
       Chain mail        |       |    33 |    60 |    50 |       |       ||   143
       Plate armour      |       |       |       |    32 |   176 |       ||   208
Dodge: Dodged            |    18 |    30 |    26 |    47 |   128 |    35 ||   284
Block: Buckler           |    13 |    23 |    19 |    58 |    15 |       ||   128
       Kite shield       |       |       |       |       |   175 |    52 ||   227
